 Dungeon Crawl Stone Soup version 0.21.1-1-g345015fe64 (webtiles) character file.

383 Hercules1031 the Shield-Bearer (level 6, 0/53 HPs)
             Began as a Gnoll Fighter on June 23, 2018.
             Slain by an orc wizard
             ... wielding a +0 dagger
              (3 damage)
             ... on level 4 of the Dungeon.
             The game lasted 00:07:27 (2647 turns).

Hercules1031 the Shield-Bearer (Gnoll Fighter)      Turns: 2647, Time: 00:07:27

Health: 0/53       AC: 14    Str: 20    XL:     6   Next: 76%
Magic:  9/9        EV:  5    Int: 11    God:
Gold:   171        SH:  0    Dex: 14    Spells: 9/9 levels left

rFire    . . .     SeeInvis .   a - +1 war axe
rCold    . . .     Gourm    .   c - +0 shield
rNeg     . . .     Faith    .   k - +1 plate armour
rPois    .         Spirit   .   (no helmet)
rElec    .         Reflect  +   e - scarf {repulsion}
rCorr    .         Harm     .   (no gloves)
MR       .....                  (no boots)
Stlth    ..........             g - +5 amulet of reflection
HPRegen  0.17/turn              j - ring of loudness (curse)
MPRegen  0.11/turn              (no ring)

@: confused, flying, repel missiles
A: distributed training, fangs 1, strong nose
a: no special abilities


You were on level 4 of the Dungeon.
You were not hungry.

You visited 1 branch of the dungeon, and saw 4 of its levels.

You collected 171 gold pieces.

Inventory:

Hand Weapons
 a - a +1 war axe (weapon)
Armour
 c - a +0 shield (worn)
 e - a scarf of repulsion (worn)
 k - a +1 plate armour (worn)
Jewellery
 g - a +5 amulet of reflection (around neck)
 j - a cursed ring of loudness (left hand)
Wands
 h - a wand of polymorph (9)
Scrolls
 b - 2 scrolls of identify
 i - 4 scrolls of amnesia
 l - a scroll of enchant weapon
Potions
 d - 4 potions of might
 m - 2 potions of resistance {unknown}
Comestibles
 f - 7 rations


   Skills:
 + Level 6.8 Fighting
 + Level 2.0 Short Blades
 + Level 2.0 Long Blades
 + Level 5.0 Axes
 + Level 2.0 Maces & Flails
 + Level 2.0 Polearms
 + Level 2.0 Staves
 + Level 2.0 Slings
 + Level 2.0 Bows
 + Level 2.0 Crossbows
 + Level 2.0 Throwing
 + Level 6.8 Armour
 + Level 2.0 Dodging
 + Level 2.0 Stealth
 + Level 6.8 Shields
 + Level 2.0 Unarmed Combat
 + Level 2.0 Spellcasting
 + Level 1.6 Conjurations
 + Level 1.6 Hexes
 + Level 1.6 Charms
 + Level 1.6 Summonings
 + Level 1.6 Necromancy
 + Level 1.6 Translocations
 + Level 1.6 Transmutations
 + Level 1.6 Fire Magic
 + Level 1.6 Ice Magic
 + Level 1.6 Air Magic
 + Level 1.6 Earth Magic
 + Level 1.6 Poison Magic
 + Level 2.2 Invocations
 + Level 2.0 Evocations


You had 9 spell levels left.
You didn't know any spells.

Dungeon Overview and Level Annotations

Branches:
Dungeon (4/15)
 Temple: D:4-7

Altars:
Cheibriados
Qazlal
Yredelemnul
Zin


Innate Abilities, Weirdness & Mutations

Your experience applies equally to all skills.
You have very sharp teeth.
Your uncanny sense of smell can sniff out nearby items.


Message History

The orc priest is lightly wounded.
You barely miss something. Something hits you but does no damage.
You block the orc priest's attack.
You closely miss the orc priest.
The orc priest is lightly wounded.
You miss something. Something hits you but does no damage.
You block the orc priest's attack.
You hear some strange, mumbled words.
You are confused.
You closely miss the orc priest.
The orc priest is lightly wounded.
You completely miss something.
The orc priest hits you with a hand axe.
* * * LOW HITPOINT WARNING * * *
Something hits you but does no damage.
The orc priest invokes the aid of Beogh against you.
You barely resist.
You bump into the rock wall.
Something hits you but does no damage. Something hits you.
You die...

...#.# #.#....#
#..####.# ...#.####
#.#....# #..####.#
#.......# #.#....#
#....##.#
..#.....###......##
#.##.##.#
...............#.....
#.##.##.##
##...##.###......####
#.........
#...##.##.......###
##########
#.................#
##.###.#.......@#.##..##
#.###.#.#......{).....#
#..............#####.##
#.##(##.#....#.#
#....##.#.#..#.##
#.......#.......#
#.<####.#.......#
#.......#.......#
##.######.......#


There were no monsters in sight!

Vanquished Creatures
  An ogre (D:4)
  The ghost of JarielCorvus the Magician, an amateur DEFE (D:3)
  A scorpion (D:4)
  A howler monkey skeleton (D:4)
  7 adders
  2 oozes
  An adder skeleton (D:4)
  3 worms (D:2)
  3 dart slugs
  2 leopard geckos (D:2)
  6 orcs
  2 ball pythons
  6 giant cockroaches
  8 goblins
  6 hobgoblins
  8 kobolds
  2 quokkas (D:3)
  5 bats (D:2)
  2 frilled lizards
  2 gnoll zombies (D:2)
  A leopard gecko skeleton (D:4)
  8 rats
78 creatures vanquished.

Notes
Turn   | Place    | Note
-------+----------+-------------------------------------------
     0 | D:1      | Hercules1031 the Gnoll Fighter began the quest for the Orb.
     0 | D:1      | Reached XP level 1. HP: 23/23 MP: 1/1
   128 | D:1      | Reached XP level 2. HP: 29/29 MP: 2/2
   516 | D:2      | Reached XP level 3. HP: 27/35 MP: 3/3
   652 | D:2      | Reached skill level 1 in Invocations
   766 | D:2      | Reached skill level 1 in Short Blades
   766 | D:2      | Reached skill level 1 in Long Blades
   766 | D:2      | Reached skill level 1 in Maces & Flails
   766 | D:2      | Reached skill level 1 in Polearms
   766 | D:2      | Reached skill level 1 in Staves
   766 | D:2      | Reached skill level 1 in Slings
   766 | D:2      | Reached skill level 1 in Bows
   766 | D:2      | Reached skill level 1 in Crossbows
   766 | D:2      | Reached skill level 1 in Throwing
   766 | D:2      | Reached skill level 1 in Dodging
   766 | D:2      | Reached skill level 1 in Stealth
   766 | D:2      | Reached skill level 1 in Unarmed Combat
   766 | D:2      | Reached skill level 1 in Spellcasting
   766 | D:2      | Reached skill level 1 in Evocations
   794 | D:2      | Reached XP level 4. HP: 41/41 MP: 5/5
   802 | D:2      | Found a stormy altar of Qazlal.
   802 | D:2      | Found a glowing silver altar of Zin.
   802 | D:2      | Found a snail-covered altar of Cheibriados.
  1411 | D:2      | Found a basalt altar of Yredelemnul.
  1517 | D:2      | Reached skill level 1 in Conjurations
  1517 | D:2      | Reached skill level 1 in Hexes
  1517 | D:2      | Reached skill level 1 in Charms
  1517 | D:2      | Reached skill level 1 in Summonings
  1517 | D:2      | Reached skill level 1 in Necromancy
  1517 | D:2      | Reached skill level 1 in Translocations
  1517 | D:2      | Reached skill level 1 in Transmutations
  1517 | D:2      | Reached skill level 1 in Fire Magic
  1517 | D:2      | Reached skill level 1 in Ice Magic
  1517 | D:2      | Reached skill level 1 in Air Magic
  1517 | D:2      | Reached skill level 1 in Earth Magic
  1517 | D:2      | Reached skill level 1 in Poison Magic
  1710 | D:3      | Noticed JarielCorvus's ghost (amateur DEFE)
  1715 | D:3      | Killed JarielCorvus's ghost
  1715 | D:3      | Reached XP level 5. HP: 39/47 MP: 5/7
  2023 | D:4      | Noticed an ogre
  2031 | D:4      | Killed an ogre
  2031 | D:4      | Reached XP level 6. HP: 17/53 MP: 8/8
  2380 | D:4      | Reached skill level 5 in Axes
  2647 | D:4      | Slain by an orc wizard

Skill      XL: |  1  2  3  4  5  6 |
---------------+-------------------+-----
Invocations    | 1 2 |  2.2
Short Blades   | 1 2 |  2.0
Long Blades    | 1 2 |  2.0
Maces & Flails | 1 2 |  2.0
Polearms       | 1 2 |  2.0
Staves         | 1 2 |  2.0
Slings         | 1 2 |  2.0
Bows           | 1 2 |  2.0
Crossbows      | 1 2 |  2.0
Throwing       | 1 2 |  2.0
Dodging        | 1 2 |  2.0
Stealth        | 1 2 |  2.0
Unarmed Combat | 1 2 |  2.0
Spellcasting   | 1 2 |  2.0
Evocations     | 1 2 |  2.0
Conjurations   | 1 |  1.6
Hexes          | 1 |  1.6
Charms         | 1 |  1.6
Summonings     | 1 |  1.6
Necromancy     | 1 |  1.6
Translocations | 1 |  1.6
Transmutations | 1 |  1.6
Fire Magic     | 1 |  1.6
Ice Magic      | 1 |  1.6
Air Magic      | 1 |  1.6
Earth Magic    | 1 |  1.6
Poison Magic   | 1 |  1.6
Axes           | 5 |  5.0
Fighting       | |  6.8
Armour         | |  6.8
Shields        | |  6.8

Action                   |  1- 3 |  4- 6 || total
-------------------------+-------+-------++-------
Melee: War axe           |    76 |   151 ||   227
       Bite              |     8 |    13 ||    21
  Use: Potion            |     2 |     2 ||     4
       Scroll            |     1 |     5 ||     6
  Eat: Ration            |       |     2 ||     2
Armor: Scale mail        |    30 |       ||    30
       Plate armour      |     7 |   121 ||   128
Dodge: Dodged            |    18 |    34 ||    52
Block: Shield            |    48 |   132 ||   180
